 Dungeon Crawl Stone Soup version 0.21.1-1-g345015fe64 (webtiles) character file.

1329 ErikD the Basher (level 8, -1/70 HPs)
             Began as a Minotaur Berserker on Mar 6, 2018.
             Was an Elder of Trog.
             Slain by an ogre
             ... wielding a +0 giant club
              (7 damage)
             ... on level 6 of the Dungeon.
             The game lasted 00:18:11 (5813 turns).

ErikD the Basher (Minotaur Berserker)               Turns: 5813, Time: 00:18:11

Health: -1/70      AC:  9    Str: 22    XL:     8   Next: 34%
Magic:  7/7        EV:  5    Int:  5    God:    Trog [****..]
Gold:   317        SH: 14    Dex: 11    Spells: 7/7 levels left

rFire    . . .     SeeInvis .   G - +0 mace (protect)
rCold    . . .     Gourm    .   z - +0 large shield
rNeg     . . .     Faith    .   r - +0 chain mail
rPois    .         Spirit   .   (helmet restricted)
rElec    .         Reflect  .   (no cloak)
rCorr    .         Harm     .   (no gloves)
MR       .....                  (no boots)
Stlth    ..........             (no amulet)
HPRegen  0.21/turn              (no ring)
MPRegen  0.10/turn              (no ring)

@: no status effects
A: retaliatory headbutt, horns 2
a: Berserk, Trog's Hand, Brothers in Arms, Burn Spellbooks, Renounce Religion


You were on level 6 of the Dungeon.
You worshipped Trog.
Trog was greatly pleased with you.
You were hungry.

You visited 1 branch of the dungeon, and saw 6 of its levels.

You collected 317 gold pieces.

Inventory:

Hand Weapons
 a - a +0 mace
 t - a +2 vampiric dagger
 G - a +0 mace of protection (weapon)
Missiles
 g - 204 stones
 w - 7 tomahawks of returning (quivered)
 y - 3 tomahawks
Armour
 b - a +0 animal skin
 r - a +0 chain mail (worn)
 v - a +0 pair of gloves
 z - a +0 large shield (worn)
Jewellery
 D - a +3 ring of strength {unknown}
Scrolls
 e - 4 scrolls of teleportation {unknown}
 h - 2 scrolls of immolation {unknown}
 k - a scroll of noise {unknown}
 n - 4 scrolls of identify {unknown}
 o - 2 scrolls of magic mapping {unknown}
 q - 2 scrolls of remove curse {unknown}
 s - a scroll of blinking {unknown}
 x - a scroll of fog {unknown}
 A - a scroll of amnesia {unknown}
 E - a scroll of enchant armour {unknown}
Potions
 d - 5 potions of curing {unknown}
 f - 3 potions of haste {unknown}
 i - a potion of magic {unknown}
 j - a potion of cancellation {unknown}
 l - 2 potions of berserk rage {unknown}
 m - 2 potions of agility {unknown}
 p - 3 potions of heal wounds {unknown}
 u - 2 potions of resistance {unknown}
 B - a potion of invisibility {unknown}
 I - 3 potions of brilliance {unknown}
Books
 F - a book of Cantrips

   Spells                             Type                      Level
   a - Confusing Touch                Hexes                        1
   b - Animate Skeleton               Necromancy                   1
   c - Summon Small Mammal            Summoning                    1
   d - Apportation                    Translocation                1
   Trog disapproves of the use of such an item.
 H - a book of Minor Magic

   Spells                             Type                      Level
   a - Magic Dart                     Conjuration                  1
   b - Blink                          Translocation                2
   c - Call Imp                       Summoning                    2
   d - Slow                           Hexes                        2
   e - Conjure Flame                  Conjuration/Fire             3
   f - Mephitic Cloud                 Conjuration/Poison/Air       3
   Trog disapproves of the use of such an item.
Comestibles
 c - 11 rations


   Skills:
 + Level 6.2 Fighting
 + Level 8.5 Maces & Flails
 + Level 1.2 Throwing
 + Level 5.3 Armour
 + Level 3.6 Dodging
 + Level 1.0 Stealth
 + Level 4.6 Shields


You had 7 spell levels left.
You didn't know any spells.

Dungeon Overview and Level Annotations

Branches:
Dungeon (6/15)             Temple (0/1) D:5

Altars:
Ashenzari
Cheibriados
Dithmenos
Gozag
Nemelex Xobeh
Qazlal
Trog
Uskayaw
Wu Jian
Yredelemnul
Zin


Innate Abilities, Weirdness & Mutations

You reflexively headbutt those who attack you in melee.
You have a pair of horns on your head.


Message History

2 gnolls and an ogre come into view.
The ogre shouts!
The gnoll shouts!
You hear a shout!
The ogre moves out of view.
Found a stone staircase leading down.
A gnoll comes into view.
You block the gnoll's attack.
There is an open door here.
Your shield and chain mail prevent you from hitting the gnoll.
Your headbutt misses the gnoll. You block the adder skeleton's attack.
You block the gnoll's attack. The ogre hits you with a giant club!!
* * * LOW HITPOINT WARNING * * *
The orc priest looks braver for a moment.
The gnoll hits you with a halberd.
* * * LOW HITPOINT WARNING * * *
You block the adder skeleton's attack. You block the ogre's attack.
The gnoll barely misses you. You block the gnoll's attack.
There is a stone staircase leading down here.
The ogre hits you with a giant club!
You die...

...#....#..........#
...#....#..........#
...#....#.....o....###
...#...<#....#'#####.##
...#....#....#.o......#
...#....#....#o.......#
...#....#.....♣gg.♣...##
...#....#......ZOg.....#
...#....#...♣...@...♣..#
...######..............#
#### ###...♣...♣...##
##.......#### ##...####
#####


You could see an ogre, an orc priest, an orc wizard, 3 gnolls, an orc and an
adder skeleton.

Vanquished Creatures
  Eustachio (D:5)
  Duvessa (D:5)
  An ice beast (D:4)
  2 ogres (D:4)
  A phantom (D:4)
  A centaur (D:5)
  A gnoll sergeant (D:5)
  Dowan (D:5)
  A crimson imp (D:5)
  A jelly (D:5)
  An orc priest (D:4)
  2 orc wizards (D:2)
  An iguana (D:5)
  3 worker ants
  A hound skeleton (D:4)
  7 gnolls
  6 adders
  4 oozes
  4 worms
  5 dart slugs
  8 leopard geckos
  19 orcs
  5 giant cockroaches
  7 goblins
  7 hobgoblins
  2 jackals (D:4)
  3 quokkas
  2 ball pythons
  5 bats
  3 frilled lizards
  6 kobolds
  2 leopard gecko skeletons
  8 rats
122 creatures vanquished.

Vanquished Creatures (others)
  An orc wizard (D:4)
1 creature vanquished.

Grand Total: 123 creatures vanquished

Notes
Turn   | Place    | Note
-------+----------+-------------------------------------------
     0 | D:1      | ErikD the Minotaur Berserker began the quest for the Orb.
     0 | D:1      | Reached XP level 1. HP: 19/19 MP: 0/0
    64 | D:1      | Reached skill level 4 in Maces & Flails
    64 | D:1      | Reached XP level 2. HP: 18/27 MP: 1/1
   462 | D:1      | Found a shattered altar of Ashenzari.
   638 | D:1      | Reached XP level 3. HP: 31/33 MP: 2/2
   760 | D:1      | Reached ** piety under Trog
  1011 | D:2      | Found a snail-covered altar of Cheibriados.
  1021 | D:2      | Reached skill level 5 in Maces & Flails
  1021 | D:2      | Reached XP level 4. HP: 14/41 MP: 3/3
  1374 | D:2      | Found an ornate altar of the Wu Jian Council.
  1376 | D:2      | Found a glowing silver altar of Zin.
  1550 | D:2      | Reached XP level 5. HP: 22/47 MP: 4/4
  1731 | D:2      | Reached skill level 5 in Fighting
  2087 | D:3      | Found a hide-covered altar of Uskayaw.
  2087 | D:3      | Found a shadowy altar of Dithmenos.
  2091 | D:3      | Found a bloodstained altar of Trog.
  2311 | D:3      | Reached *** piety under Trog
  3325 | D:4      | Noticed an ogre
  3429 | D:4      | Reached skill level 6 in Maces & Flails
  3429 | D:4      | Reached XP level 6. HP: 37/56 MP: 5/5
  3532 | D:4      | Reached skill level 1 in Throwing
  3588 | D:4      | Reached skill level 1 in Shields
  3753 | D:4      | Reached XP level 7. HP: 54/62 MP: 6/6
  3965 | D:4      | Reached skill level 7 in Maces & Flails
  4189 | D:4      | Found a basalt altar of Yredelemnul.
  4302 | D:5      | Entered Level 5 of the Dungeon
  4315 | D:5      | Found a stormy altar of Qazlal.
  4564 | D:5      | Noticed Duvessa
  4583 | D:5      | Killed Duvessa
  4586 | D:5      | Noticed Dowan
  4625 | D:5      | Killed Dowan
  4697 | D:5      | Found a staircase to the Ecumenical Temple.
  4859 | D:5      | Reached **** piety under Trog
  4859 | D:5      | Reached skill level 1 in Stealth
  4863 | D:5      | Reached XP level 8. HP: 66/70 MP: 7/7
  4908 | D:5      | Reached skill level 8 in Maces & Flails
  4908 | D:5      | Reached skill level 5 in Armour
  5184 | D:5      | Noticed Eustachio
  5279 | D:5      | Killed Eustachio
  5485 | D:5      | Found an opulent altar of Gozag.
  5485 | D:5      | Found a sparkling altar of Nemelex Xobeh.
  5813 | D:6      | Slain by an ogre

Skill      XL: |  1  2  3  4  5  6  7  8 |
---------------+-------------------------+-----
Maces & Flails | 4 5 6 7 8 |  8.5
Fighting       | 4 5 6 |  6.2
Dodging        | 3 |  3.6
Armour         | 3 4 5 |  5.3
Throwing       | 1 |  1.2
Shields        | 1 3 4 |  4.6
Stealth        | 1 |  1.0

Action                   |  1- 3 |  4- 6 |  7- 9 || total
-------------------------+-------+-------+-------++-------
Melee: Mace              |    64 |   138 |   177 ||   379
       Headbutt          |    10 |    27 |    30 ||    67
Throw: Tomahawk          |       |     1 |     4 ||     5
Invok: Berserk           |     1 |     2 |     3 ||     6
 Stab: Sleeping          |     1 |       |       ||     1
  Eat: Chunk             |       |     6 |     8 ||    14
       Ration            |       |     2 |       ||     2
Armor: Animal skin       |     9 |       |       ||     9
       Chain mail        |       |    56 |    75 ||   131
Dodge: Dodged            |    52 |    53 |    18 ||   123
Block: Large shield      |       |    37 |   124 ||   161
